 Dungeon Crawl Stone Soup version 0.19-a0-854-gc78d25d (webtiles) character file.

28 Implojin the Chopper (level 3, 0/31 HPs)
             Began as a Minotaur Fighter on July 2, 2016.
             Slain by an orc priest
             ... wielding a +1 falchion of flaming
              (5 damage)
             ... on level 3 of the Dungeon.
             The game lasted 00:01:13 (237 turns).

Implojin the Chopper (Minotaur Fighter)              Turns: 237, Time: 00:01:13

Health: 0/31       AC:  6    Str: 25    XL:     3   Next: 0%
Magic:  2/2        EV:  7    Int:  5    God:
Gold:   0          SH:  9    Dex: 10    Spells: 0 memorised, 2 levels left

rFire  . . .     SeeInvis .     a - +0 war axe
rCold  . . .     Gourm    .     b - +0 scale mail
rNeg   . . .     Faith    .     c - +0 shield
rPois  .         Spirit   .     (helmet restricted)
rElec  .         Dismiss  .     (no cloak)
rCorr  .         Reflect  .     (no gloves)
SustAt .         Harm     .     (no boots)
MR     .....                    (no amulet)
Stlth  ..........               (no ring)
                                (no ring)

@: mighty, not resistant to hostile enchantments, extremely unstealthy
A: retaliatory headbutt, horns 2
a: no special abilities


You were on level 3 of the Dungeon.
You were not hungry.

You visited 1 branch of the dungeon, and saw 3 of its levels.

Inventory:

Hand Weapons
 a - a +0 war axe (weapon)
Missiles
 i - 8 javelins (quivered)
Armour
 b - a +0 scale mail (worn)
 c - a +0 shield (worn)
Scrolls
 k - a scroll of identify {unknown}
 l - a scroll of enchant weapon {unknown}
Potions
 e - a potion of ambrosia {unknown}
 h - a potion of flight {unknown}
Comestibles
 f - a bread ration
 g - a meat ration
 j - a slice of pizza


   Skills:
 - Level 3.6 Fighting
 * Level 4.2 Axes
 - Level 3.6 Armour
 - Level 3.6 Shields


You had 2 spell levels left.
You didn't know any spells.

Dungeon Overview and Level Annotations

Branches:
Dungeon (3/15)

Altars:


Innate Abilities, Weirdness & Mutations

You reflexively headbutt those who attack you in melee.
You have a pair of horns on your head.


Message History

Found 15 gold pieces.
You open the door.
An adder comes into view.
The adder hisses angrily.
There is an open door here.
There is a stone staircase leading down here.
You climb downwards.
There is a stone staircase leading up here.
Unknown command.
You see here a dagger.
l - a scroll labeled WYMUIC PYCIPP An orc priest comes into view.
It is wielding a mace.
The orc priest shouts!
An orc and an orc priest come into view.
The orc priest is wielding a falchion of flaming.
An orc comes into view. It is wielding a short sword of speed.
The orc shouts!
The orc priest shouts!
The orc shouts!
The orc priest invokes the aid of Beogh against you.
Pain shoots through your body!
* * * LOW HITPOINT WARNING * * *
Found a stone staircase leading up.
Unknown command.
You feel very mighty all of a sudden.
A bat comes into view.
Unknown command.
The orc priest calls down the wrath of Beogh upon you.
Pain shoots through your body!
* * * LOW HITPOINT WARNING * * *
You barely miss the orc priest. The bat barely misses you.
You furiously retaliate!
You headbutt the bat!!
You kill the bat!
You have reached level 3!
Your experience leads to an increase in your attributes!
Your base attributes are Str 20, Int 5, Dex 9.
Increase (S)trength, (I)ntelligence, or (D)exterity?
You feel agile.
The orc priest casts a cantrip, but nothing happens.
You barely miss the orc priest. Your headbutt misses the orc priest.
The orc priest hits you with a falchion of flaming.
You die...

.. #.# ## #.# .# ##.##
# .##### ###...##.#
...... ........#
.#############...# ###
..............#.###...#
....#########..o@†..#
....# ###.###.#
....###### #....<.b.
.......... #..##.....
.)..#####. ##oo ....
<...# ... .# ....# .#..
# .#### ....o .# .###o#


You could see an orc priest.

Vanquished Creatures
  An ooze (D:2)
  3 bats
  2 giant cockroaches
  4 goblins
  2 hobgoblins
  3 jackals (D:3)
  A giant newt (D:2)
  2 kobolds (D:1)
  3 rats
21 creatures vanquished.

Notes
Turn   | Place    | Note
-------+----------+-------------------------------------------
     0 | D:1      | Implojin the Minotaur Fighter began the quest for the Orb.
     0 | D:1      | Reached XP level 1. HP: 19/19 MP: 0/0
    51 | D:1      | Reached skill level 3 in Axes
    92 | D:2      | Reached XP level 2. HP: 15/26 MP: 1/1
   165 | D:3      | Reached skill level 4 in Axes
   236 | D:3      | Reached XP level 3. HP: 5/31 MP: 2/2
   237 | D:3      | Slain by an orc priest

Vault maps used:
D:1:      ncdulo_watergridlock, minmay_split_cup_large
D:2:      first_bread

Skill      XL: |  1  2 |
---------------+-------+-----
Axes           | 3 4 |  4.2
Fighting       | |  3.6
Armour         | |  3.6
Shields        | |  3.6

Action                   || total
-------------------------++-------
Melee: War axe           ||    45
       Headbutt          ||     5
  Use: Potion            ||     1
Armor: Scale mail        ||    36
Dodge: Dodged            ||    28
Block: Shield            ||    34

Table legend:
 A = Turns spent in this place as a percentage of turns spent in the entire game.
 B = Non-inter-level travel turns spent in this place as a percentage of non-inter-level travel turns spent in the entire game.
 C = Inter-level travel turns spent in this place as a percentage of turns spent in this place.
 D = Turns resting spent in this place as a percentage of non-inter-level travel turns spent in this place.
 E = Turns spent auto-exploring this place as a percentage of non-inter-level travel turns spent in this place.
 F = Non-inter-level travel turns spent in this place divided by the number of levels of this place that you've seen.
                   A       B       C       D       E      F
               +-------+-------+-------+-------+-------+----------------------
         Total | 100.0 | 100.0 |   0.0 |   0.0 |   0.0 |  79.7
       Dungeon | 100.0 | 100.0 |   0.0 |   0.0 |   0.0 |  79.7
               +-------+-------+-------+-------+-------+----------------------

Table legend:
 A = Kills in this place as a percentage of kills in entire the game.
 B = Kills by you in this place as a percentage of kills by you in the entire game.
 C = Kills by friends in this place as a percentage of kills by friends in the entire game.
 D = Other kills in this place as a percentage of other kills in the entire game.
 E = Experience gained in this place as a percentage of experience gained in the entire game.
 F = Experience gained in this place divided by the number of levels of this place that you have seen.
                   A       B       C       D       E      F
               +-------+-------+-------+-------+-------+----------------------
         Total | 100.0 | 100.0 |  -nan |  -nan | 100.0 |  13.7
       Dungeon | 100.0 | 100.0 |  -nan |  -nan | 100.0 |  13.7
               +-------+-------+-------+-------+-------+----------------------
